Workbook

Sheet Прил 1
B1: Приложение 1
B2: к решению Совета депутатов Салминского сельского поселения Ромодановского муниципального района Республики Мордовия "О бюджете Салминского сельского поселения Ромодановского муниципального района Республики Мордовия на 2022 год и на плановый период 2023 и 2024 годов"
A3: НОРМАТИВЫ РАСПРЕДЕЛЕНИЯ ДОХОДОВ МЕЖДУ БЮДЖЕТОМ САЛМИНСКОГО СЕЛЬСКОГО ПОСЕЛЕНИЯ РОМОДАНОВСКОГО МУНИЦИПАЛЬНОГО РАЙОНА РЕСПУБЛИКИ МОРДОВИЯ И БЮДЖЕТОМ РОМОДАНОВСКОГО МУНИЦИПАЛЬНОГО РАЙОНА РЕСПУБЛИКИ МОРДОВИЯ НА 2022 ГОД И НА ПЛАНОВЫЙ ПЕРИОД 2023 И 2024 ГОДОВ (в процентах от сумм, зачисляемых в консолидированный бюджет Салминского сельского поселения Ромодановского муниципального района Республики Мордовия)
A5: Наименование дохода | B5: Местные бюджеты,%
B6: Бюджет поселение
A7: 1 | B7: 3
A8: Доходы от федеральных налогов и сборов
A9: В части погашения задолженности и перерасчетов по отмененным налогам, сборам и иным обязательным платежам
A10: Земельный налог (по обязательствам, возникшим до 1 января 2006 года), мобилизуемый на территориях поселений | B10: 100
A11: Налог с продаж | B11: 0
A12: Налог, взимаемый в виде стоимости патента в связи с применением упрощенной системы налогообложения (за налоговые периоды с 1 января 2011 года по 1 января 2013 года) | B12: 0
A13: Налог на рекламу | B13: 0
A14: Целевые сборы с граждан и предприятий, учреждений, организаций на содержание милиции, на благоустройство территорий, на нужды образования и другие цели | B14: 0
A15: Лицензионный сбор за право торговли спиртными напитками | B15: 0
A16: Прочие местные налоги и сборы | B16: 0
A17: В части доходов от оказания платных услуг (работ) и компенсации затрат государства
A18: Прочие доходы от оказания платных услуг (работ) получателями средств бюджетов муниципальных районов | B18: 0
A19: Прочие доходы от оказания платных услуг (работ) получателями средств бюджетов поселений | B19: 100
A20: Прочие доходы от компенсации затрат бюджетов муниципальных районов | B20: 0
A21: Прочие доходы от компенсации затрат бюджетов поселений | B21: 100
A22: В части административных платежей и сборов
A23: Платежи, взимаемые органами местного самоуправления (организациями) муниципальных районов за выполнение определенных функций | B23: 0
A24: Платежи, взимаемые органами местного самоуправления (организациями) поселений за выполнение определенных функций | B24: 100
A25: В части штрафов, санкций, возмещение ущерба
A26: Доходы от возмещения ущерба при возникновении страховых случаев, когда выгодоприобретателями выступают получатели средств бюджетов муниципальных районов | B26: 0
A27: Доходы от возмещения ущерба при возникновении страховых случаев, когда выгодоприобретателями выступают получатели средств бюджетов поселений | B27: 100
A28: Денежные взыскания (штрафы) и иные суммы, взыскиваемые с лиц, виновных в совершении преступлений, и в возмещение ущерба имуществу, зачисляемые в бюджеты муниципальных районов | B28: 0
A29: Денежные взыскания (штрафы) и иные суммы, взыскиваемые с лиц, виновных в совершении преступлений, и в возмещение ущерба имуществу, зачисляемые в бюджеты поселений | B29: 100
A30: Денежные взыскания, налагаемые в возмещение ущерба, причиненного в результате незаконного или нецелевого использования бюджетных средств (в части бюджетов муниципальных районов) | B30: 0
A31: Денежные взыскания, налагаемые в возмещение ущерба, причиненного в результате незаконного или нецелевого использования бюджетных средств (в части бюджетов поселений) | B31: 100
A32: Прочие поступления от денежных взысканий (штрафов) и иных сумм в возмещение ущерба, зачисляемые в бюджеты муниципальных районов | B32: 0
A33: Прочие поступления от денежных взысканий (штрафов) и иных сумм в возмещение ущерба, зачисляемые в бюджеты поселений | B33: 100
A34: В части прочих неналоговых доходов
A35: Невыясненные поступления, зачисляемые в бюджеты муниципальных районов | B35: 0
A36: Невыясненные поступления, зачисляемые в бюджеты поселений | B36: 100
A37: Прочие неналоговые доходы бюджетов муниципальных районов | B37: 0
A38: Прочие неналоговые доходы бюджетов поселений | B38: 100

Sheet Приложение 2
C1: Приложение 2 к решению Совета депутатов Салминского сельского поселения Ромодановского муниципального района Республики Мордовия «О бюджете Салминского сельского поселения Ромодановского муниципального района Республики Мордовия на 2022 год и на плановый период 2023 и 2024 годов»
A6: ОБЪЕМ БЕЗВОЗМЕЗДНЫХ ПОСТУПЛЕНИЙ В БЮДЖЕТ САЛМИНСКОГО СЕЛЬСКОГО ПОСЕЛЕНИЯ РОМОДАНОВСКОГО МУНИЦИПАЛЬНОГО РАЙОНА РЕСПУБЛИКИ МОРДОВИЯ НА 2022 ГОД И НА ПЛАНОВЫЙ ПЕРИОД 2023 И 2024 ГОДОВ
E7: (тыс. рублей)
A8: Код | B8: Наименование | C8: Сумма
C9: 2022 год | D9: 2023 год | E9: 2024 год
A10: 1 | B10: 2 | C10: 3 | D10: 4 | E10: 5
A11: 2 00 00000 00 0000 000 | B11: БЕЗВОЗМЕЗДНЫЕ ПОСТУПЛЕНИЯ | C11: =C12 -> 1012.7 | D11: =D13+D25+D30 -> 476.4 | E11: =E13+E25+E30 -> 541.7
A12: 2 02 00000 00 0000 000 | B12: Безвозмездные поступления от других бюджетов бюджетной системы Российской Федерации | C12: =C13+C25+C30+C23 -> 1012.7 | D12: =D13+D25+D30 -> 476.4 | E12: =E13+E25+E30 -> 541.7
A13: 2 02 10000 00 0000 150 | B13: Дотации бюджетам бюджетной системы Российской Федерации | C13: =C14+C16 -> 566.8 | D13: =D14+D16 -> 272.9 | E13: =E14+E16 -> 335
A14: 2 02 15001 00 0000 150 | B14: Дотации на выравнивание бюджетной обеспеченности | C14: =C15 -> 340.4 | D14: =D15 -> 272.9 | E14: =E15 -> 335
A15: 2 02 15001 10 0000 150 | B15: Дотации бюджетам сельских поселений на выравнивание бюджетной обеспеченности из бюджета субъекта Российской Федерации | C15: 340.4 | D15: 272.9 | E15: 335
A16: 2 02 15002 00 0000 150 | B16: Дотации бюджетам на поддержку мер по обеспечению сбалансированности бюджетов | C16: =C17 -> 226.4 | D16: =D17 -> 0 | E16: =E17 -> 0
A17: 2 02 15002 10 0000 150 | B17: Дотации бюджетам сельских поселений на поддержку мер по обеспечению сбалансированности бюджетов | C17: 226.4
A18: 2 02 20000 00 0000 150 | B18: Субсидии бюджетам бюджетной системы Российской Федерации (межбюджетные субсидии) | C18: =C19+C21+C23 -> 245.4 | D18: =D19+D21+D23 -> 0 | E18: =E19+E21+E23 -> 0
A19: 2 02 25555 00 0000 150 | B19: Субсидии бюджетам на реализацию программ формирования современной городской среды | C19: =C20 -> 0 | D19: =D20 -> 0 | E19: =E20 -> 0
A20: 2 02 25555 10 0000 150 | B20: Субсидии бюджетам на реализацию программ формирования современной городской среды
A21: 2 02 25576 00 0000 150 | B21: Субсидии бюджетам на обеспечение комплексного развития сельских территорий | C21: =C22 -> 0 | D21: =D22 -> 0 | E21: =E22 -> 0
A22: 2 02 25576 10 0000 150 | B22: Субсидии бюджетам на обеспечение комплексного развития сельских территорий
A23: 2 02 29999 00 0000 150 | B23: Прочие субсидии | C23: =C24 -> 245.4 | D23: =D24 -> 0 | E23: =E24 -> 0
A24: 2 02 29999 10 0000 150 | B24: Прочие субсидии бюджетам сельских поселений | C24: 245.4
A25: 2 02 30000 00 0000 150 | B25: Субвенции бюджетам бюджетной системы Российской Федерации | C25: =C26+C28 -> 90 | D25: =D26+D28 -> 93 | E25: =E26+E28 -> 96.2
A26: 2 02 30024 00 0000 150 | B26: Субвенции местным бюджетам на выполнение передаваемых полномочий субъектов Российской Федерации | C26: =C27 -> 0.2 | D26: =D27 -> 0.2 | E26: =E27 -> 0.2
A27: 2 02 30024 10 0000 150 | B27: Субвенции бюджетам сельских поселений на выполнение передаваемых полномочий субъектов Российской Федерации | C27: 0.2 | D27: 0.2 | E27: 0.2
A28: 2 02 35118 00 0000 150 | B28: Субвенции бюджетам на осуществление первичного воинского учета на территориях, где отсутствуют военные комиссариаты | C28: =C29 -> 89.8 | D28: =D29 -> 92.8 | E28: =E29 -> 96
A29: 2 02 35118 10 0000 150 | B29: Субвенции бюджетам сельских поселений на осуществление первичного воинского учета на территориях, где отсутствуют военные комиссариаты | C29: 89.8 | D29: 92.8 | E29: 96
A30: 2 02 40000 00 0000 150 | B30: Иные межбюджетные трансферты | C30: =C31 -> 110.5 | D30: =D31 -> 110.5 | E30: =E31 -> 110.5
A31: 2 02 40014 00 0000 150 | B31: Межбюджетные трансферты, передаваемые бюджетам муниципальных образований на осуществление части полномочий по решению вопросов местного значения в соответствии с заключенными соглашениями | C31: =C32 -> 110.5 | D31: =D32 -> 110.5 | E31: =E32 -> 110.5
A32: 2 02 40014 10 0000 150 | B32: Межбюджетные трансферты, передаваемые бюджетам сельских поселений из бюджетов муниципальных районов на осуществление части полномочий по решению вопросов местного значения в соответствии с заключенными соглашениями | C32: 110.5 | D32: 110.5 | E32: 110.5
A33: 2 02 49999 00 0000 150 | B33: Прочие межбюджетные трансферты, передаваемые бюджетам | C33: =C34 -> 0 | D33: =D34 -> 0 | E33: =E34 -> 0
A34: 2 02 49999 10 0000 150 | B34: Прочие межбюджетные трансферты, передаваемые бюджетам сельских поселений
A35: 2 07 00000 00 0000 000 | B35: Прочие безвозмездные поступления | C35: =C36 -> 0 | D35: =D36 -> 0 | E35: =E36 -> 0
A36: 2 07 05000 10 0000 150 | B36: Прочие безвозмезные поступления в бюджеты сельских поселений

Sheet Приложение 3
I1: Приложение 3 к решению Совета депутатов Салминского сельского поселения Ромодановского муниципального района Республики Мордовия «О бюджете Салминского сельского поселения Ромодановского муниципального района Республики Мордовия на 2022 год и на плановый период 2023 и 2024 годов»
A2: ВЕДОМСТВЕННАЯ СТРУКТУРА РАСХОДОВ БЮДЖЕТА САЛМИНСКОГО СЕЛЬСКОГО ПОСЕЛЕНИЯ РОМОДАНОВСКОГО МУНИЦИПАЛЬНОГО РАЙОНА РЕСПУБЛИКИ МОРДОВИЯ НА 2022 ГОД И НА ПЛАНОВЫЙ ПЕРИОД 2023 И 2024 ГОДОВ
I3: (тыс. рублей)
A4: Наименование | B4: Адм | C4: Рз | D4: Прз | E4: Цср | I4: Вр | J4: Сумма
J5: 2022 год | K5: 2023 год | L5: 2024 год
A6: 1 | B6: 2 | C6: 3 | D6: 4 | E6: 5 | F6: 6 | G6: 7 | H6: 8 | I6: 9 | J6: 10 | K6: 11 | L6: 12
A7: ВСЕГО | J7: =J8 -> 1410.8 | K7: =K8 -> 885.9 | L7: =L8 -> 956.2
A8: Администрация Салминского сельского поселения Ромодановского муниципального района Республики Мордовия | B8: 923 | J8: =J9+J44+J54+J62+J73 -> 1410.8 | K8: =K9+K44+K54+K62+K73+K80 -> 885.9 | L8: =L9+L44+L54+L62+L73+L80 -> 956.2
A9: Общегосударственные вопросы | B9: 923 | C9: 01 | J9: =J10+J19+J38 -> 1041.5 | K9: =K10+K19+K38 -> 463.8 | L9: =L10+L19+L38 -> 507.7
A10: Функционирование высшего должностного лица субъекта Российской Федерации и муниципального образования | B10: 923 | C10: 01 | D10: 02 | J10: =J11+J16 -> 444.4 | K10: =K11 -> 177.3 | L10: =L11 -> 190
A11: Обеспечение деятельности аппарата Администрации | B11: 923 | C11: 01 | D11: 02 | E11: 65 | F11: 0 | J11: =J12 -> 274 | K11: =K12 -> 177.3 | L11: =L12 -> 190
A12: Высшее должностное лицо | B12: 923 | C12: 01 | D12: 02 | E12: 65 | F12: 1 | J12: =J13 -> 274 | K12: =K13 -> 177.3 | L12: =L13 -> 190
A13: Расходы на выплаты по оплате труда высшего должностного лица | B13: 923 | C13: 01 | D13: 02 | E13: 65 | F13: 1 | G13: 00 | H13: 41150 | J13: =J14 -> 274 | K13: =K14 -> 177.3 | L13: =L14 -> 190
A14: Расходы на выплаты персоналу в целях обеспечения выполнения функций государственными (муниципальными) органами, казенными учреждениями, органами управления государственными внебюджетными фондами | B14: 923 | C14: 01 | D14: 02 | E14: 65 | F14: 1 | G14: 00 | H14: 41150 | I14: 100 | J14: =J15 -> 274 | K14: =K15 -> 177.3 | L14: =L15 -> 190
A15: Расходы на выплаты персоналу государственных (муниципальных) органов | B15: 923 | C15: 01 | D15: 02 | E15: 65 | F15: 1 | G15: 00 | H15: 41150 | I15: 120 | J15: 274 | K15: 177.3 | L15: 190
A16: Субсидии на софинансирование расходных обязательств по финансовому обеспечению деятельности органов местного самоуправления и муниципальных учреждений | B16: 923 | C16: 01 | D16: 02 | E16: 65 | F16: 1 | G16: 00 | H16: 44205 | J16: =J17 -> 170.4
A17: =A14 -> Расходы на выплаты персоналу в целях обеспечения выполнения функций государственными (муниципальными) органами, казенными учреждениями, органами управления государственными внебюджетными фондами | B17: 923 | C17: 01 | D17: 02 | E17: 65 | F17: 1 | G17: 00 | H17: 44205 | I17: 100 | J17: =J18 -> 170.4
A18: =A15 -> Расходы на выплаты персоналу государственных (муниципальных) органов | B18: 923 | C18: 01 | D18: 02 | E18: 65 | F18: 1 | G18: 00 | H18: 44205 | I18: 120 | J18: 170.4
A19: Функционирование Правительства Российской Федерации, высших исполнительных органов государственной власти субъектов Российской Федерации, местных администраций | B19: 923 | C19: 01 | D19: 04 | J19: =J20+J25+J33 -> 592.1 | K19: =K20+K33 -> 281.5 | L19: =L20+L33 -> 312.7
A20: Обеспечение деятельности аппарата Администрации | B20: 923 | C20: 01 | D20: 04 | E20: 65 | F20: 0 | J20: =J21 -> 516.9 | K20: =K21 -> 281.3 | L20: =L21 -> 312.5
A21: Непрограмные расходы в рамках обеспечение деятельности Администраци | B21: 923 | C21: 01 | D21: 04 | E21: 65 | F21: 2 | J21: =J22+J28 -> 516.9 | K21: =K22+K28 -> 281.3 | L21: =L22+L28 -> 312.5
A22: Расходы на выплаты по оплате труда работников органов местного самоуправления | B22: 923 | C22: 01 | D22: 04 | E22: 65 | F22: 2 | G22: 00 | H22: 41110 | J22: =J23 -> 247.7 | K22: =K23 -> 186.3 | L22: =L23 -> 217.5
A23: Расходы на выплаты персоналу в целях обеспечения выполнения функций государственными (муниципальными) органами, казенными учреждениями, органами управления государственными внебюджетными фондами | B23: 923 | C23: 01 | D23: 04 | E23: 65 | F23: 2 | G23: 00 | H23: 41110 | I23: 100 | J23: =J24 -> 247.7 | K23: =K24 -> 186.3 | L23: =L24 -> 217.5
A24: Расходы на выплаты персоналу государственных (муниципальных) органов | B24: 923 | C24: 01 | D24: 04 | E24: 65 | F24: 2 | G24: 00 | H24: 41110 | I24: 120 | J24: 247.7 | K24: 186.3 | L24: 217.5
A25: =A16 -> Субсидии на софинансирование расходных обязательств по финансовому обеспечению деятельности органов местного самоуправления и муниципальных учреждений | B25: 923 | C25: 01 | D25: 04 | E25: 65 | F25: 2 | G25: 00 | H25: 44205 | J25: =J26 -> 75
A26: =A23 -> Расходы на выплаты персоналу в целях обеспечения выполнения функций государственными (муниципальными) органами, казенными учреждениями, органами управления государственными внебюджетными фондами | B26: 923 | C26: 01 | D26: 04 | E26: 65 | F26: 2 | G26: 00 | H26: 44205 | I26: 100 | J26: =J27 -> 75
A27: =A24 -> Расходы на выплаты персоналу государственных (муниципальных) органов | B27: 923 | C27: 01 | D27: 04 | E27: 65 | F27: 2 | G27: 00 | H27: 44205 | I27: 120 | J27: 75
A28: Расходы на обеспечение функций органов местного самоуправления | B28: 923 | C28: 01 | D28: 04 | E28: 65 | F28: 2 | G28: 00 | H28: 41120 | J28: =+J29+J31 -> 269.2 | K28: =+K29+K31 -> 95 | L28: =+L29+L31 -> 95
A29: Закупка товаров, работ и услуг для обеспечения государственных (муниципальных) нужд | B29: 923 | C29: 01 | D29: 04 | E29: 65 | F29: 2 | G29: 00 | H29: 41120 | I29: 200 | J29: =J30 -> 244.2 | K29: =K30 -> 90 | L29: =L30 -> 90
A30: Иные закупки товаров, работ и услуг для обеспечения государственных (муниципальных) нужд | B30: 923 | C30: 01 | D30: 04 | E30: 65 | F30: 2 | G30: 00 | H30: 41120 | I30: 240 | J30: 244.2 | K30: 90 | L30: 90
A31: Иные бюджетные ассигнования | B31: 923 | C31: 01 | D31: 04 | E31: 65 | F31: 2 | G31: 00 | H31: 41120 | I31: 800 | J31: =J32 -> 25 | K31: =K32 -> 5 | L31: =L32 -> 5
A32: Уплата налогов, сборов и иных платежей | B32: 923 | C32: 01 | D32: 04 | E32: 65 | F32: 2 | G32: 00 | H32: 41120 | I32: 850 | J32: 25 | K32: 5 | L32: 5
A33: Непрограммные расходы главных распорядителей бюджетных средств Салминского сельского поселения Ромодановского муниципального района Республики Мордовия | B33: 923 | C33: 01 | D33: 04 | E33: 89 | F33: 0 | J33: =J34 -> 0.2 | K33: =K34 -> 0.2 | L33: =L34 -> 0.2
A34: Непрограммные расходы в рамках обеспечения деятельности главных распорядителей бюджетных средств Салминского сельского поселения Ромодановского муниципального района Республики Мордовия | B34: 923 | C34: 01 | D34: 04 | E34: 89 | F34: 1 | J34: =J35 -> 0.2 | K34: =K35 -> 0.2 | L34: =L35 -> 0.2
A35: Осуществление государственных полномочий Республики Мордовия по определению перечня должностных лиц, уполномоченных составлять протоколы об административных правонарушениях, предусмотренных Законом Республики Мордовия от 15 июня 2015 года № 38-З "Об административной ответственности на территории Республики Мордовия" | B35: 923 | C35: 01 | D35: 04 | E35: 89 | F35: 1 | G35: 00 | H35: 77150 | J35: =J36 -> 0.2 | K35: =K36 -> 0.2 | L35: =L36 -> 0.2
A36: Закупка товаров, работ и услуг для обеспечения государственных (муниципальных) нужд | B36: 923 | C36: 01 | D36: 04 | E36: 89 | F36: 1 | G36: 00 | H36: 77150 | I36: 200 | J36: =J37 -> 0.2 | K36: =K37 -> 0.2 | L36: =L37 -> 0.2
A37: Иные закупки товаров, работ и услуг для обеспечения государственных (муниципальных) нужд | B37: 923 | C37: 01 | D37: 04 | E37: 89 | F37: 1 | G37: 00 | H37: 77150 | I37: 240 | J37: 0.2 | K37: 0.2 | L37: 0.2
A38: Резервные фонды | B38: 923 | C38: 01 | D38: 11 | J38: =J39 -> 5 | K38: =K39 -> 5 | L38: =L39 -> 5
A39: Непрограммные расходы главных распорядителей бюджетных средств Салминского сельского поселения Ромодановского муниципального района Республики Мордовия | B39: 923 | C39: 01 | D39: 11 | E39: 89 | F39: 0 | J39: =J40 -> 5 | K39: =K40 -> 5 | L39: =L40 -> 5
A40: Непрограммные расходы в рамках обеспечения деятельности главных распорядителей бюджетных средств Салминского сельского поселения Ромодановского муниципального района Республики Мордовия | B40: 923 | C40: 01 | D40: 11 | E40: 89 | F40: 1 | J40: =J41 -> 5 | K40: =K41 -> 5 | L40: =L41 -> 5
A41: Резервный фонд Администрации Салминского сельского поселени Ромодановского муниципального района Республики Мордовия | B41: 923 | C41: 01 | D41: 11 | E41: 89 | F41: 1 | G41: 00 | H41: 41180 | J41: =J43 -> 5 | K41: =K43 -> 5 | L41: =L43 -> 5
A42: Иные бюджетные ассигнования | B42: 923 | C42: 01 | D42: 11 | E42: 89 | F42: 1 | G42: 00 | H42: 41180 | I42: 800 | J42: =J43 -> 5 | K42: =K43 -> 5 | L42: =L43 -> 5
A43: Резервные средства | B43: 923 | C43: 01 | D43: 11 | E43: 89 | F43: 1 | G43: 00 | H43: 41180 | I43: 870 | J43: 5 | K43: 5 | L43: 5
A44: Национальная оборона | B44: 923 | C44: 02 | J44: =J45 -> 89.8 | K44: =K45 -> 92.8 | L44: =L45 -> 96
A45: Мобилизация и вневойсковая подготовка | B45: 923 | C45: 02 | D45: 03 | J45: =J46 -> 89.8 | K45: =K46 -> 92.8 | L45: =L46 -> 96
A46: Программа повышения эффективности управления государственными финансами в Республике Мордовия | B46: 923 | C46: 02 | D46: 03 | E46: 17 | F46: 0 | J46: =J47 -> 89.8 | K46: =K47 -> 92.8 | L46: =L47 -> 96
A47: Подпрограмма "Повышения эффективности межбюджетных отношений" | B47: 923 | C47: 02 | D47: 03 | E47: 17 | F47: 3 | J47: =J48 -> 89.8 | K47: =K48 -> 92.8 | L47: =L48 -> 96
A48: Основное мероприятие: "Обеспечение осуществления органами местного самоуправления отдельных государственных полномочий" | B48: 923 | C48: 02 | D48: 03 | E48: 17 | F48: 3 | G48: 02 | J48: =J49 -> 89.8 | K48: =K49 -> 92.8 | L48: =L49 -> 96
A49: Осуществление первичного воинского учета на территориях где отсутствуют военные комиссариаты | B49: 923 | C49: 02 | D49: 03 | E49: 17 | F49: 3 | G49: 02 | H49: 51180 | J49: =J52+J50 -> 89.8 | K49: =K52+K50 -> 92.8 | L49: =L52+L50 -> 96
A50: Расходы на выплаты персоналу в целях обеспечения выполнения функций государственными (муниципальными) органами, казенными учреждениями, органами управления государственными внебюджетными фондами | B50: 923 | C50: 02 | D50: 03 | E50: 17 | F50: 3 | G50: 02 | H50: 51180 | I50: 100 | J50: =J51 -> 84.8 | K50: =K51 -> 87.8 | L50: =L51 -> 91
A51: Расходы на выплаты персоналу государственных (муниципальных) органов | B51: 923 | C51: 02 | D51: 03 | E51: 17 | F51: 3 | G51: 02 | H51: 51180 | I51: 120 | J51: 84.8 | K51: 87.8 | L51: 91
A52: Закупка товаров, работ и услуг для обеспечения государственных (муниципальных) нужд | B52: 923 | C52: 02 | D52: 03 | E52: 17 | F52: 3 | G52: 02 | H52: 51180 | I52: 200 | J52: =J53 -> 5 | K52: =K53 -> 5 | L52: =L53 -> 5
A53: Иные закупки товаров, работ и услуг для обеспечения государственных (муниципальных) нужд | B53: 923 | C53: 02 | D53: 03 | E53: 17 | F53: 3 | G53: 02 | H53: 51180 | I53: 240 | J53: 5 | K53: 5 | L53: 5
A54: Национальная экономика | B54: 923 | C54: 04 | J54: =J55 -> 110.5 | K54: =K55 -> 110.5 | L54: =L55 -> 110.5
A55: Дорожное хозяйство (дорожные фонды) | B55: 923 | C55: 04 | D55: 09 | J55: =J56 -> 110.5 | K55: =K56 -> 110.5 | L55: =L56 -> 110.5
A56: Муниципальная программа «Комплексного развития транспортной инфраструктуры Салминского сельского поселения Ромодановского муниципального района Республики Мордовия на 2018- 2028 года" | B56: 923 | C56: 04 | D56: 09 | E56: 10 | F56: 0 | J56: =J59 -> 110.5 | K56: =K59 -> 110.5 | L56: =L59 -> 110.5
A57: Муниципальная подпрограмма «Комплексного развития транспортной инфраструктуры Салминского сельского поселения Ромодановского муниципального района Республики Мордовия на 2018- 2028 года" | B57: 923 | C57: 04 | D57: 09 | E57: 10 | F57: 1 | J57: =J58 -> 110.5 | K57: =K58 -> 110.5 | L57: =L58 -> 110.5
A58: Основное мероприятие "Ремонт и содержание автомобильных дорог общего пользоваемя в границах поселения, поддержание дорожного полотна в работоспособном состоянии" | B58: 923 | C58: 04 | D58: 09 | E58: 10 | F58: 1 | G58: 04 | J58: =J59 -> 110.5 | K58: =K59 -> 110.5 | L58: =L59 -> 110.5
A59: осуществление полномочий по дорожной деятельности в отношении автомобильных дорог местного значения в границах населенных пунктов поселения, а также осуществлению иных полномочий в области использования автомобильных дорог и осуществления дорожной деятельности в соответствии с законодательством Российской Федерации | B59: 923 | C59: 04 | D59: 09 | E59: 10 | F59: 1 | G59: 04 | H59: 44102 | J59: =J60 -> 110.5 | K59: =K60 -> 110.5 | L59: =L60 -> 110.5
A60: Закупка товаров, работ и услуг для обеспечения государственных (муниципальных) нужд | B60: 923 | C60: 04 | D60: 09 | E60: 10 | F60: 1 | G60: 04 | H60: 44102 | I60: 200 | J60: =J61 -> 110.5 | K60: =K61 -> 110.5 | L60: =L61 -> 110.5
A61: Иные закупки товаров, работ и услуг для обеспечения государственных (муниципальных) нужд | B61: 923 | C61: 04 | D61: 09 | E61: 10 | F61: 1 | G61: 04 | H61: 44102 | I61: 240 | J61: 110.5 | K61: 110.5 | L61: 110.5
A62: Жилищно-коммунальное хозяйство | B62: 923 | C62: 05 | J62: =J63 -> 100 | K62: =K63 -> 130 | L62: =L63 -> 130
A63: Благоустройство | B63: 923 | C63: 05 | D63: 03 | J63: =J64 -> 100 | K63: =K64 -> 130 | L63: =L64 -> 130
A64: Муниципальная программа "Комплексного развития коммунальной инфраструктуры Салминского сельского поселения Ромодановского муниципального района Республики Мордовия на 2018-2028 года" | B64: 923 | C64: 05 | D64: 03 | E64: 10 | F64: 0 | J64: =J66 -> 100 | K64: =K66 -> 130 | L64: =L66 -> 130
A65: Муниципальная подпрограмма "Комплексного развития коммунальной инфраструктуры Салминского сельского поселения Ромодановского муниципального района Республики Мордовия на 2018-2028 года" | B65: 923 | C65: 05 | D65: 03 | E65: 10 | F65: 1 | J65: =J66 -> 100 | K65: =K66 -> 130 | L65: =L66 -> 130
A66: Основное мероприятие "Благоустройство территории" | B66: 923 | C66: 05 | D66: 03 | E66: 10 | F66: 1 | G66: 01 | J66: =J67+J70 -> 100 | K66: =K67+K70 -> 130 | L66: =L67+L70 -> 130
A67: Уличное освещение | B67: 923 | C67: 05 | D67: 03 | E67: 10 | F67: 1 | G67: 01 | H67: 43010 | J67: =J68 -> 80 | K67: =K68 -> 80 | L67: =L68 -> 80
A68: Закупка товаров, работ и услуг для обеспечения государственных (муниципальных) нужд | B68: 923 | C68: 05 | D68: 03 | E68: 10 | F68: 1 | G68: 01 | H68: 43010 | I68: 200 | J68: =J69 -> 80 | K68: =K69 -> 80 | L68: =L69 -> 80
A69: Иные закупки товаров, работ и услуг для обеспечения государственных (муниципальных) нужд | B69: 923 | C69: 05 | D69: 03 | E69: 10 | F69: 1 | G69: 01 | H69: 43010 | I69: 240 | J69: 80 | K69: 80 | L69: 80
A70: Прочие мероприятия по благоустройству | B70: 923 | C70: 05 | D70: 03 | E70: 10 | F70: 1 | G70: 01 | H70: 43040 | J70: =J71 -> 20 | K70: =K71 -> 50 | L70: =L71 -> 50
A71: Закупка товаров, работ и услуг для обеспечения государственных (муниципальных) нужд | B71: 923 | C71: 05 | D71: 03 | E71: 10 | F71: 1 | G71: 01 | H71: 43040 | I71: 200 | J71: =J72 -> 20 | K71: =K72 -> 50 | L71: =L72 -> 50
A72: Иные закупки товаров, работ и услуг для обеспечения государственных (муниципальных) нужд | B72: 923 | C72: 05 | D72: 03 | E72: 10 | F72: 1 | G72: 01 | H72: 43040 | I72: 240 | J72: 20 | K72: 50 | L72: 50
A73: Социальная политика | B73: 923 | C73: 10 | J73: =J74 -> 69 | K73: =K74 -> 69 | L73: =L74 -> 69
A74: Пенсионное обеспечение | B74: 923 | C74: 10 | D74: 01 | J74: =J75 -> 69 | K74: =K75 -> 69 | L74: =L75 -> 69
A75: Непрограммные расходы главных распорядителей бюджетных средств Салминского сельского поселения Ромодановского муниципального района Республики Мордовия | B75: 923 | C75: 10 | D75: 01 | E75: 89 | F75: 0 | J75: =J76 -> 69 | K75: =K76 -> 69 | L75: =L76 -> 69
A76: Непрограммные расходы в рамках обеспечения деятельности главных распорядителей бюджетных средств Салминского сельского поселения Ромодановского муниципального района Республики Мордовия | B76: 923 | C76: 10 | D76: 01 | E76: 89 | F76: 1 | J76: =J77 -> 69 | K76: =K77 -> 69 | L76: =L77 -> 69
A77: Доплаты к пенсиям муниципальных служащих Республики Мордовия | B77: 923 | C77: 10 | D77: 01 | E77: 89 | F77: 1 | G77: 00 | H77: 03010 | J77: =J78 -> 69 | K77: =K78 -> 69 | L77: =L78 -> 69
A78: Социальное обеспечение и иные выплаты населению | B78: 923 | C78: 10 | D78: 01 | E78: 89 | F78: 1 | G78: 00 | H78: 03010 | I78: 300 | J78: =J79 -> 69 | K78: =K79 -> 69 | L78: =L79 -> 69
A79: Публичные нормативные социальные выплаты гражданам | B79: 923 | C79: 10 | D79: 01 | E79: 89 | F79: 1 | G79: 00 | H79: 03010 | I79: 310 | J79: 69 | K79: 69 | L79: 69
A80: Условно утвержденные расходы | B80: 923 | C80: 99 | K80: =K81 -> 19.8 | L80: =L81 -> 43
A81: Условно утвержденные расходы | B81: 923 | C81: 99 | D81: 99 | K81: =K82 -> 19.8 | L81: =L82 -> 43
A82: Обеспечение деятельности Администрации | B82: 923 | C82: 99 | D82: 99 | E82: 65 | F82: 0 | K82: =K83 -> 19.8 | L82: =L83 -> 43
A83: Высшее должностное лицо | B83: 923 | C83: 99 | D83: 99 | E83: 65 | F83: 1 | K83: =K84 -> 19.8 | L83: =L84 -> 43
A84: Условно утвержденные расходы | B84: 923 | C84: 99 | D84: 99 | E84: 65 | F84: 1 | G84: 00 | H84: 41990 | K84: =K85 -> 19.8 | L84: =L85 -> 43
A85: Иные бюджетные ассигнования | B85: 923 | C85: 99 | D85: 99 | E85: 65 | F85: 1 | G85: 00 | H85: 41990 | I85: 800 | K85: =K86 -> 19.8 | L85: =L86 -> 43
A86: Резервные средства | B86: 923 | C86: 99 | D86: 99 | E86: 65 | F86: 1 | G86: 00 | H86: 41990 | I86: 870 | K86: 19.8 | L86: 43

Sheet Приложение 4
H1: Приложение 4 к решению Совета депутатов Салминского сельского поселения Ромодановского муниципального района Республики Мордовия «О бюджете Салминского сельского поселеняи Ромодановского муниципального района Республики Мордовия на 2022 год и на плановый период 2023 и 2024 годов»
A2: РАСПРЕДЕЛЕНИЕ БЮДЖЕТНЫХ АССИГНОВАНИЙ БЮДЖЕТА САЛМИНСКОГО СЕЛЬСКОГО ПОСЕЛЕНИЯ РОМОДАНОВСКОГО МУНИЦИПАЛЬНОГО РАЙОНА РЕСПУБЛИКИ МОРДОВИЯ ПО РАЗДЕЛАМ, ПОДРАЗДЕЛАМ, ЦЕЛЕВЫМ СТАТЬЯМ (МУНИЦИПАЛЬНЫМ ПРОГРАММАМ И НЕПРОГРАММНЫМ НАПРАВЛЕНИЯМ ДЕЯТЕЛЬНОСТИ), ГРУППАМ И ПОДГРУППАМ ВИДОВ РАСХОДОВ КЛАССИФИКАЦИИ РАСХОДОВ БЮДЖЕТОВ НА 2022 ГОД И НА ПЛАНОВЫЙ ПЕРИОД 2023 И 2024 ГОДОВ
A3: Наименование | H3: (тыс. рублей)
B4: Рз | C4: Прз | D4: Цср | H4: Вр | I4: Сумма
A5: 1 | I5: 2022 год | J5: 2023 год | K5: 2024 год
B6: 2 | C6: 3 | D6: 4 | E6: 5 | F6: 6 | G6: 7 | H6: 8 | I6: 9 | J6: 10 | K6: 11
A7: ВСЕГО | I7: =I8+I42+I52+I60+I71 -> 1410.8 | J7: =J8+J42+J52+J60+J71+J78 -> 885.9 | K7: =K8+K42+K52+K60+K71+K78+K18 -> 956.2
A8: Общегосударственные вопросы | B8: 01 | I8: =I9+I36+I18 -> 1041.5 | J8: =J9+J36+J18+J31 -> 463.8 | K8: =K9+K36+K31 -> 195.2
A9: Функционирование высшего должностного лица субъекта Российской Федерации и муниципального образования | B9: 01 | C9: 02 | I9: =I10+I15 -> 444.4 | J9: =J10 -> 177.3 | K9: =K10 -> 190
A10: Обеспечение деятельности аппарата Администрации | B10: 01 | C10: 02 | D10: 65 | E10: 0 | I10: =I11 -> 274 | J10: =J11 -> 177.3 | K10: =K11 -> 190
A11: Высшее должностное лицо | B11: 01 | C11: 02 | D11: 65 | E11: 1 | I11: =I12 -> 274 | J11: =J12 -> 177.3 | K11: =K12 -> 190
A12: Расходы на выплаты по оплате труда высшего должностного лица | B12: 01 | C12: 02 | D12: 65 | E12: 1 | F12: 00 | G12: 41150 | I12: =I13 -> 274 | J12: =J13 -> 177.3 | K12: =K13 -> 190
A13: Расходы на выплаты персоналу в целях обеспечения выполнения функций государственными (муниципальными) органами, казенными учреждениями, органами управления государственными внебюджетными фондами | B13: 01 | C13: 02 | D13: 65 | E13: 1 | F13: 00 | G13: 41150 | H13: 100 | I13: =I14 -> 274 | J13: =J14 -> 177.3 | K13: =K14 -> 190
A14: Расходы на выплаты персоналу государственных (муниципальных) органов | B14: 01 | C14: 02 | D14: 65 | E14: 1 | F14: 00 | G14: 41150 | H14: 120 | I14: ='Приложение 3'!J15 -> 274 | J14: ='Приложение 3'!K15 -> 177.3 | K14: ='Приложение 3'!L15 -> 190
A15: ='Приложение 3'!A16 -> Субсидии на софинансирование расходных обязательств по финансовому обеспечению деятельности органов местного самоуправления и муниципальных учреждений | B15: 01 | C15: 02 | D15: 65 | E15: 1 | F15: 00 | G15: 44205 | I15: =I16 -> 170.4
A16: ='Приложение 3'!A17 -> Расходы на выплаты персоналу в целях обеспечения выполнения функций государственными (муниципальными) органами, казенными учреждениями, органами управления государственными внебюджетными фондами | B16: 01 | C16: 02 | D16: 65 | E16: 1 | F16: 00 | G16: 44205 | H16: 100 | I16: =I17 -> 170.4
A17: ='Приложение 3'!A18 -> Расходы на выплаты персоналу государственных (муниципальных) органов | B17: 01 | C17: 02 | D17: 65 | E17: 1 | F17: 00 | G17: 44205 | H17: 120 | I17: ='Приложение 3'!J18 -> 170.4
A18: Обеспечение деятельности аппарата Администрации | B18: 01 | C18: 04 | D18: 65 | E18: 0 | I18: =I19+I23+I31 -> 592.1 | J18: =J19 -> 281.3 | K18: =K19 -> 312.5
A19: Непрограмные расходы в рамках обеспечение деятельности Администраци | B19: 01 | C19: 04 | D19: 65 | E19: 2 | I19: =I20+I26 -> 516.9 | J19: =J20+J26 -> 281.3 | K19: =K20+K26 -> 312.5
A20: Расходы на выплаты по оплате труда работников органов местного самоуправления | B20: 01 | C20: 04 | D20: 65 | E20: 2 | F20: 00 | G20: 41110 | I20: =I21 -> 247.7 | J20: =J21 -> 186.3 | K20: =K21 -> 217.5
A21: Расходы на выплаты персоналу в целях обеспечения выполнения функций государственными (муниципальными) органами, казенными учреждениями, органами управления государственными внебюджетными фондами | B21: 01 | C21: 04 | D21: 65 | E21: 2 | F21: 00 | G21: 41110 | H21: 100 | I21: =I22 -> 247.7 | J21: =J22 -> 186.3 | K21: =K22 -> 217.5
A22: Расходы на выплаты персоналу государственных (муниципальных) органов | B22: 01 | C22: 04 | D22: 65 | E22: 2 | F22: 00 | G22: 41110 | H22: 120 | I22: ='Приложение 3'!J24 -> 247.7 | J22: ='Приложение 3'!K24 -> 186.3 | K22: ='Приложение 3'!L24 -> 217.5
A23: ='Приложение 3'!A25 -> Субсидии на софинансирование расходных обязательств по финансовому обеспечению деятельности органов местного самоуправления и муниципальных учреждений | B23: 01 | C23: 04 | D23: 65 | E23: 2 | F23: 00 | G23: 44205 | I23: =I24 -> 75
A24: ='Приложение 3'!A26 -> Расходы на выплаты персоналу в целях обеспечения выполнения функций государственными (муниципальными) органами, казенными учреждениями, органами управления государственными внебюджетными фондами | B24: 01 | C24: 04 | D24: 65 | E24: 2 | F24: 00 | G24: 44205 | H24: 100 | I24: =I25 -> 75
A25: ='Приложение 3'!A27 -> Расходы на выплаты персоналу государственных (муниципальных) органов | B25: 01 | C25: 04 | D25: 65 | E25: 2 | F25: 00 | G25: 44205 | H25: 120 | I25: ='Приложение 3'!J27 -> 75
A26: Расходы на обеспечение функций органов местного самоуправления | B26: 01 | C26: 04 | D26: 65 | E26: 2 | F26: 00 | G26: 41120 | I26: =+I27+I29 -> 269.2 | J26: =+J27+J29 -> 95 | K26: =+K27+K29 -> 95
A27: Закупка товаров, работ и услуг для обеспечения государственных (муниципальных) нужд | B27: 01 | C27: 04 | D27: 65 | E27: 2 | F27: 00 | G27: 41120 | H27: 200 | I27: =I28 -> 244.2 | J27: =J28 -> 90 | K27: =K28 -> 90
A28: Иные закупки товаров, работ и услуг для обеспечения государственных (муниципальных) нужд | B28: 01 | C28: 04 | D28: 65 | E28: 2 | F28: 00 | G28: 41120 | H28: 240 | I28: ='Приложение 3'!J30 -> 244.2 | J28: ='Приложение 3'!K30 -> 90 | K28: ='Приложение 3'!L30 -> 90
A29: Иные бюджетные ассигнования | B29: 01 | C29: 04 | D29: 65 | E29: 2 | F29: 00 | G29: 41120 | H29: 800 | I29: =I30 -> 25 | J29: =J30 -> 5 | K29: =K30 -> 5
A30: Уплата налогов, сборов и иных платежей | B30: 01 | C30: 04 | D30: 65 | E30: 2 | F30: 00 | G30: 41120 | H30: 850 | I30: ='Приложение 3'!J32 -> 25 | J30: ='Приложение 3'!K32 -> 5 | K30: ='Приложение 3'!L32 -> 5
A31: Непрограммные расходы главных распорядителей бюджетных средств Салминского сельского поселения Ромодановского муниципального района Республики Мордовия | B31: 01 | C31: 04 | D31: 89 | E31: 0 | I31: =I32 -> 0.2 | J31: =J32 -> 0.2 | K31: =K32 -> 0.2
A32: Непрограммные расходы в рамках обеспечения деятельности главных распорядителей бюджетных средств Салминского сельского поселения Ромодановского муниципального района Республики Мордовия | B32: 01 | C32: 04 | D32: 89 | E32: 1 | I32: =I33 -> 0.2 | J32: =J33 -> 0.2 | K32: =K33 -> 0.2
A33: Осуществление государственных полномочий Республики Мордовия по определению перечня должностных лиц, уполномоченных составлять протоколы об административных правонарушениях, предусмотренных Законом Республики Мордовия от 15 июня 2015 года № 38-З "Об административной ответственности на территории Республики Мордовия" | B33: 01 | C33: 04 | D33: 89 | E33: 1 | F33: 00 | G33: 77150 | I33: =I34 -> 0.2 | J33: =J34 -> 0.2 | K33: =K34 -> 0.2
A34: Закупка товаров, работ и услуг для обеспечения государственных (муниципальных) нужд | B34: 01 | C34: 04 | D34: 89 | E34: 1 | F34: 00 | G34: 77150 | H34: 200 | I34: =I35 -> 0.2 | J34: =J35 -> 0.2 | K34: =K35 -> 0.2
A35: Иные закупки товаров, работ и услуг для обеспечения государственных (муниципальных) нужд | B35: 01 | C35: 04 | D35: 89 | E35: 1 | F35: 00 | G35: 77150 | H35: 240 | I35: ='Приложение 3'!J37 -> 0.2 | J35: ='Приложение 3'!K37 -> 0.2 | K35: ='Приложение 3'!L37 -> 0.2
A36: Резервные фонды | B36: 01 | C36: 11 | I36: =I37 -> 5 | J36: =J37 -> 5 | K36: =K37 -> 5
A37: Непрограммные расходы главных распорядителей бюджетных средств Салминского сельского поселения Ромодановского муниципального района Республики Мордовия | B37: 01 | C37: 11 | D37: 89 | E37: 0 | I37: =I38 -> 5 | J37: =J38 -> 5 | K37: =K38 -> 5
A38: Непрограммные расходы в рамках обеспечения деятельности главных распорядителей бюджетных средств Салминского сельского поселения Ромодановского муниципального района Республики Мордовия | B38: 01 | C38: 11 | D38: 89 | E38: 1 | I38: =I39 -> 5 | J38: =J39 -> 5 | K38: =K39 -> 5
A39: Резервный фонд администрации Салминского сельского поселени Ромодановского муниципального района Республики Мордовия | B39: 01 | C39: 11 | D39: 89 | E39: 1 | F39: 00 | G39: 41180 | I39: =I41 -> 5 | J39: =J41 -> 5 | K39: =K41 -> 5
A40: Иные бюджетные ассигнования | B40: 01 | C40: 11 | D40: 89 | E40: 1 | F40: 00 | G40: 41180 | H40: 800 | I40: =I41 -> 5 | J40: =J41 -> 5 | K40: =K41 -> 5
A41: Резервные средства | B41: 01 | C41: 11 | D41: 89 | E41: 1 | F41: 00 | G41: 41180 | H41: 870 | I41: ='Приложение 3'!J43 -> 5 | J41: ='Приложение 3'!K43 -> 5 | K41: ='Приложение 3'!L43 -> 5
A42: Национальная оборона | B42: 02 | I42: =I43 -> 89.8 | J42: =J43 -> 92.8 | K42: =K43 -> 96
A43: Мобилизация и вневойсковая подготовка | B43: 02 | C43: 03 | I43: =I44 -> 89.8 | J43: =J44 -> 92.8 | K43: =K44 -> 96
A44: Программа повышения эффективности управления государственными финансами в Республике Мордовия | B44: 02 | C44: 03 | D44: 17 | E44: 0 | I44: =I45 -> 89.8 | J44: =J45 -> 92.8 | K44: =K45 -> 96
A45: Подпрограмма "Повышения эффективности межбюджетных отношений" | B45: 02 | C45: 03 | D45: 17 | E45: 3 | I45: =I46 -> 89.8 | J45: =J46 -> 92.8 | K45: =K46 -> 96
A46: Основное мероприятие: "Обеспечение осуществления органами местного самоуправления отдельных государственных полномочий" | B46: 02 | C46: 03 | D46: 17 | E46: 3 | F46: 02 | I46: =I47 -> 89.8 | J46: =J47 -> 92.8 | K46: =K47 -> 96
A47: Осуществление первичного воинского учета на территориях где отсутствуют военные комиссариаты | B47: 02 | C47: 03 | D47: 17 | E47: 3 | F47: 02 | G47: 51180 | I47: =I50+I48 -> 89.8 | J47: =J50+J48 -> 92.8 | K47: =K50+K48 -> 96
A48: Расходы на выплаты персоналу в целях обеспечения выполнения функций государственными (муниципальными) органами, казенными учреждениями, органами управления государственными внебюджетными фондами | B48: 02 | C48: 03 | D48: 17 | E48: 3 | F48: 02 | G48: 51180 | H48: 100 | I48: =I49 -> 84.8 | J48: =J49 -> 87.8 | K48: =K49 -> 91
A49: Расходы на выплаты персоналу государственных (муниципальных) органов | B49: 02 | C49: 03 | D49: 17 | E49: 3 | F49: 02 | G49: 51180 | H49: 120 | I49: ='Приложение 3'!J51 -> 84.8 | J49: ='Приложение 3'!K51 -> 87.8 | K49: ='Приложение 3'!L51 -> 91
A50: Закупка товаров, работ и услуг для обеспечения государственных (муниципальных) нужд | B50: 02 | C50: 03 | D50: 17 | E50: 3 | F50: 02 | G50: 51180 | H50: 200 | I50: =I51 -> 5 | J50: =J51 -> 5 | K50: =K51 -> 5
A51: Иные закупки товаров, работ и услуг для обеспечения государственных (муниципальных) нужд | B51: 02 | C51: 03 | D51: 17 | E51: 3 | F51: 02 | G51: 51180 | H51: 240 | I51: ='Приложение 3'!J53 -> 5 | J51: ='Приложение 3'!K53 -> 5 | K51: ='Приложение 3'!L53 -> 5
A52: Национальная экономика | B52: 04 | I52: =I53 -> 110.5 | J52: =J53 -> 110.5 | K52: =K53 -> 110.5
A53: Дорожное хозяйство (дорожные фонды) | B53: 04 | C53: 09 | I53: =I54 -> 110.5 | J53: =J54 -> 110.5 | K53: =K54 -> 110.5
A54: Муниципальная программа «Комплексного развития транспортной инфраструктуры Салминского сельского поселения Ромодановского муниципального района Республики Мордовия на 2018- 2028 года" | B54: 04 | C54: 09 | D54: 10 | E54: 0 | I54: =I56 -> 110.5 | J54: =J56 -> 110.5 | K54: =K56 -> 110.5
A55: ='Приложение 3'!A57 -> Муниципальная подпрограмма «Комплексного развития транспортной инфраструктуры Салминского сельского поселения Ромодановского муниципального района Республики Мордовия на 2018- 2028 года" | B55: 04 | C55: 09 | D55: 10 | E55: 1 | I55: =I56 -> 110.5 | J55: =J56 -> 110.5 | K55: =K56 -> 110.5
A56: Основное мероприятие "Ремонт и содержание автомобильных дорог общего пользования в границах поселения, поддержание дорожного полотна в работоспособном состоянии" | B56: 04 | C56: 09 | D56: 10 | E56: 1 | F56: 02 | I56: =I57 -> 110.5 | J56: =J57 -> 110.5 | K56: =K57 -> 110.5
A57: осуществление полномочий по дорожной деятельности в отношении автомобильных дорог местного значения в границах населенных пунктов поселения, а также осуществлению иных полномочий в области использования автомобильных дорог и осуществления дорожной деятельности в соответствии с законодательством Российской Федерации | B57: 04 | C57: 09 | D57: 10 | E57: 1 | F57: 02 | G57: 44102 | I57: =I58 -> 110.5 | J57: =J58 -> 110.5 | K57: =K58 -> 110.5
A58: Закупка товаров, работ и услуг для обеспечения государственных (муниципальных) нужд | B58: 04 | C58: 09 | D58: 10 | E58: 1 | F58: 02 | G58: 44102 | H58: 200 | I58: =I59 -> 110.5 | J58: =J59 -> 110.5 | K58: =K59 -> 110.5
A59: Иные закупки товаров, работ и услуг для обеспечения государственных (муниципальных) нужд | B59: 04 | C59: 09 | D59: 10 | E59: 1 | F59: 02 | G59: 44102 | H59: 240 | I59: ='Приложение 3'!J61 -> 110.5 | J59: ='Приложение 3'!K61 -> 110.5 | K59: ='Приложение 3'!L61 -> 110.5
A60: Жилищно-коммунальное хозяйство | B60: 05 | I60: =I61 -> 100 | J60: =J61 -> 130 | K60: =K61 -> 130
A61: Благоустройство | B61: 05 | C61: 03 | I61: =I62 -> 100 | J61: =J62 -> 130 | K61: =K62 -> 130
A62: Муниципальная программа "Комплексного развития коммунальной инфраструктуры Салминского сельского поселения Ромодановского муниципального района Республики Мордовия на 2018-2028 года" | B62: 05 | C62: 03 | D62: 10 | E62: 0 | I62: =I64 -> 100 | J62: =J64 -> 130 | K62: =K64 -> 130
A63: ='Приложение 3'!A65 -> Муниципальная подпрограмма "Комплексного развития коммунальной инфраструктуры Салминского сельского поселения Ромодановского муниципального района Республики Мордовия на 2018-2028 года" | B63: 05 | C63: 03 | D63: 10 | E63: 1 | I63: =I64 -> 100 | J63: =J64 -> 130 | K63: =K64 -> 130
A64: Основное мероприятие "Благоустройство территории" | B64: 05 | C64: 03 | D64: 10 | E64: 1 | F64: 01 | I64: =I65+I68 -> 100 | J64: =J65+J68 -> 130 | K64: =K65+K68 -> 130
A65: Уличное освещение | B65: 05 | C65: 03 | D65: 10 | E65: 1 | F65: 01 | G65: 43010 | I65: =I66 -> 80 | J65: =J66 -> 80 | K65: =K66 -> 80
A66: Закупка товаров, работ и услуг для обеспечения государственных (муниципальных) нужд | B66: 05 | C66: 03 | D66: 10 | E66: 1 | F66: 01 | G66: 43010 | H66: 200 | I66: =I67 -> 80 | J66: =J67 -> 80 | K66: =K67 -> 80
A67: Иные закупки товаров, работ и услуг для обеспечения государственных (муниципальных) нужд | B67: 05 | C67: 03 | D67: 10 | E67: 1 | F67: 01 | G67: 43010 | H67: 240 | I67: ='Приложение 3'!J69 -> 80 | J67: ='Приложение 3'!K69 -> 80 | K67: ='Приложение 3'!L69 -> 80
A68: Прочие мероприятия по благоустройству | B68: 05 | C68: 03 | D68: 10 | E68: 1 | F68: 01 | G68: 43040 | I68: =I69 -> 20 | J68: =J69 -> 50 | K68: =K69 -> 50
A69: Закупка товаров, работ и услуг для обеспечения государственных (муниципальных) нужд | B69: 05 | C69: 03 | D69: 10 | E69: 1 | F69: 01 | G69: 43040 | H69: 200 | I69: =I70 -> 20 | J69: =J70 -> 50 | K69: =K70 -> 50
A70: Иные закупки товаров, работ и услуг для обеспечения государственных (муниципальных) нужд | B70: 05 | C70: 03 | D70: 10 | E70: 1 | F70: 01 | G70: 43040 | H70: 240 | I70: ='Приложение 3'!J72 -> 20 | J70: ='Приложение 3'!K72 -> 50 | K70: ='Приложение 3'!L72 -> 50
A71: Социальная политика | B71: 10 | I71: =I72 -> 69 | J71: =J72 -> 69 | K71: =K72 -> 69
A72: Пенсионное обеспечение | B72: 10 | C72: 01 | I72: =I73 -> 69 | J72: =J73 -> 69 | K72: =K73 -> 69
A73: Непрограммные расходы главных распорядителей бюджетных средств Салминского сельского поселения Ромодановского муниципального района Республики Мордовия | B73: 10 | C73: 01 | D73: 89 | E73: 0 | I73: =I74 -> 69 | J73: =J74 -> 69 | K73: =K74 -> 69
A74: Непрограммные расходы в рамках обеспечения деятельности главных распорядителей бюджетных средств Салминского сельского поселения Ромодановского муниципального района Республики Мордовия | B74: 10 | C74: 01 | D74: 89 | E74: 1 | I74: =I75 -> 69 | J74: =J75 -> 69 | K74: =K75 -> 69
A75: Доплаты к пенсиям муниципальных служащих Республики Мордовия | B75: 10 | C75: 01 | D75: 89 | E75: 1 | F75: 00 | G75: 03010 | I75: =I76 -> 69 | J75: =J76 -> 69 | K75: =K76 -> 69
A76: Социальное обеспечение и иные выплаты населению | B76: 10 | C76: 01 | D76: 89 | E76: 1 | F76: 00 | G76: 03010 | H76: 300 | I76: =I77 -> 69 | J76: =J77 -> 69 | K76: =K77 -> 69
A77: Публичные нормативные социальные выплаты гражданам | B77: 10 | C77: 01 | D77: 89 | E77: 1 | F77: 00 | G77: 03010 | H77: 310 | I77: ='Приложение 3'!J79 -> 69 | J77: ='Приложение 3'!K79 -> 69 | K77: ='Приложение 3'!L79 -> 69
A78: ='Приложение 3'!A80 -> Условно утвержденные расходы | B78: 99 | J78: ='Приложение 3'!K80 -> 19.8 | K78: ='Приложение 3'!L80 -> 43
A79: ='Приложение 3'!A81 -> Условно утвержденные расходы | B79: 99 | C79: 99 | J79: ='Приложение 3'!K81 -> 19.8 | K79: ='Приложение 3'!L81 -> 43
A80: ='Приложение 3'!A82 -> Обеспечение деятельности Администрации | B80: 99 | C80: 99 | D80: 65 | E80: 0 | J80: ='Приложение 3'!K82 -> 19.8 | K80: ='Приложение 3'!L82 -> 43
A81: ='Приложение 3'!A83 -> Высшее должностное лицо | B81: 99 | C81: 99 | D81: 65 | E81: 1 | F81: 00 | J81: ='Приложение 3'!K83 -> 19.8 | K81: ='Приложение 3'!L83 -> 43
A82: ='Приложение 3'!A84 -> Условно утвержденные расходы | B82: 99 | C82: 99 | D82: 65 | E82: 1 | F82: 00 | G82: 41990 | J82: ='Приложение 3'!K84 -> 19.8 | K82: ='Приложение 3'!L84 -> 43
A83: ='Приложение 3'!A85 -> Иные бюджетные ассигнования | B83: 99 | C83: 99 | D83: 65 | E83: 1 | F83: 00 | G83: 41990 | H83: 800 | J83: ='Приложение 3'!K85 -> 19.8 | K83: ='Приложение 3'!L85 -> 43
A84: ='Приложение 3'!A86 -> Резервные средства | B84: 99 | C84: 99 | D84: 65 | E84: 1 | F84: 00 | G84: 41990 | H84: 870 | J84: ='Приложение 3'!K86 -> 19.8 | K84: ='Приложение 3'!L86 -> 43

Sheet Приложение 5
I1: Приложение 5 к решению Совета депутатов Салминского сельского поселения Ромодановского муниципального района Республики Мордовия «О бюджете Салминского сельского поселения Ромодановского муниципального района Республики Мордовия на 2022 год и на плановый период 2023 и 2024 годов»
A2: РАСПРЕДЕЛЕНИЕ БЮДЖЕТНЫХ АССИГНОВАНИЙ БЮДЖЕТА САЛМИНСКОГО СЕЛЬСКОГО ПОСЕЛЕНИЯ РОМОДАНОВСКОГО МУНИЦИПАЛЬНОГО РАЙОНА РЕСПУБЛИКИ МОРДОВИЯ ПО ЦЕЛЕВЫМ СТАТЬЯМ (МУНИЦИПАЛЬНЫМ ПРОГРАММАМ И НЕПРОГРАММНЫМ НАПРАВЛЕНИЯМ ДЕЯТЕЛЬНОСТИ), ГРУППАМ И ПОДГРУППАМ ВИДОВ РАСХОДОВ, РАЗДЕЛАМ И ПОДРАЗДЕЛАМ КЛАССИФИКАЦИИ РАСХОДОВ БЮДЖЕТОВ НА 2022 ГОД И НА ПЛАНОВЫЙ ПЕРИОД 2023 И 2024 ГОДОВ
I3: (тыс. рублей)
A4: Наименование | B4: Цср | F4: ВР | G4: Рз | H4: Прз | I4: Адм | J4: Сумма
J5: 2022 год | K5: 2023 год | L5: 2024 год
A6: 1 | B6: 2 | C6: 3 | D6: 4 | E6: 5 | F6: 6 | G6: 7 | H6: 8 | I6: 9 | J6: 10 | K6: 11 | L6: 12
A7: ВСЕГО | J7: =J8+J19+J32+J46+J90+J96+J102 -> 1410.8 | K7: =K8+K19+K32+K46+K80+K90+K96+K54 -> 885.9 | L7: =L8+L19+L32+L46+L80+L102+L96+L90+L54 -> 956.2
A8: Муниципальная программа «Комплексного развития транспортной инфраструктуры Салминского сельского поселения Ромодановского муниципального района Республики Мордовия на 2018- 2028 года" | B8: 10 | C8: 0 | J8: =J10 -> 110.5 | K8: =K10 -> 110.5 | L8: =L10 -> 110.5
A9: ='Приложение 3'!A57 -> Муниципальная подпрограмма «Комплексного развития транспортной инфраструктуры Салминского сельского поселения Ромодановского муниципального района Республики Мордовия на 2018- 2028 года" | B9: 10 | C9: 1 | J9: =J10 -> 110.5 | K9: =K10 -> 110.5 | L9: =L10 -> 110.5
A10: Основное мероприятие "Ремонт и содержание автомобильных дорог общего пользования в границах поселения, поддержание дорожного полотна в работоспособном состоянии" | B10: 10 | C10: 1 | D10: 02 | J10: =J11 -> 110.5 | K10: =K11 -> 110.5 | L10: =L11 -> 110.5
A11: осуществление полномочий по дорожной деятельности в отношении автомобильных дорог местного значения в границах населенных пунктов поселения, а также осуществлению иных полномочий в области использования автомобильных дорог и осуществления дорожной деятельности в соответствии с законодательством Российской Федерации | B11: 10 | C11: 1 | D11: 02 | E11: 44102 | J11: =J12 -> 110.5 | K11: =K12 -> 110.5 | L11: =L12 -> 110.5
A12: Закупка товаров, работ и услуг для обеспечения государственных (муниципальных) нужд | B12: 10 | C12: 1 | D12: 02 | E12: 44102 | F12: 200 | J12: =J13 -> 110.5 | K12: =K13 -> 110.5 | L12: =L13 -> 110.5
A13: Иные закупки товаров, работ и услуг для обеспечения государственных (муниципальных) нужд | B13: 10 | C13: 1 | D13: 02 | E13: 44102 | F13: 240 | J13: =J14 -> 110.5 | K13: =K14 -> 110.5 | L13: =L14 -> 110.5
A14: Национальная экономика | B14: 10 | C14: 1 | D14: 02 | E14: 44102 | F14: 240 | G14: 04 | J14: =J15 -> 110.5 | K14: =K15 -> 110.5 | L14: =L15 -> 110.5
A15: Дорожное хозяйство | B15: 10 | C15: 1 | D15: 02 | E15: 44102 | F15: 240 | G15: 04 | H15: 09 | J15: =J16 -> 110.5 | K15: =K16 -> 110.5 | L15: =L16 -> 110.5
A16: Администрация Салминского сельского поселения Ромодановского муниципального района Республики Мордовия | B16: 10 | C16: 1 | D16: 02 | E16: 44102 | F16: 240 | G16: 04 | H16: 09 | I16: 923 | J16: ='Приложение 3'!J61 -> 110.5 | K16: ='Приложение 3'!K61 -> 110.5 | L16: ='Приложение 3'!L61 -> 110.5
A17: ='Приложение 3'!A64 -> Муниципальная программа "Комплексного развития коммунальной инфраструктуры Салминского сельского поселения Ромодановского муниципального района Республики Мордовия на 2018-2028 года" | B17: 10 | C17: 0 | J17: =J18 -> 100 | K17: =K18 -> 130 | L17: =L18 -> 130
A18: ='Приложение 3'!A65 -> Муниципальная подпрограмма "Комплексного развития коммунальной инфраструктуры Салминского сельского поселения Ромодановского муниципального района Республики Мордовия на 2018-2028 года" | B18: 10 | C18: 1 | J18: =J19 -> 100 | K18: =K19 -> 130 | L18: =L19 -> 130
A19: Основное мероприятие "Благоустройство территории" | B19: 10 | C19: 1 | D19: 01 | J19: =J20+J26 -> 100 | K19: =K20+K26 -> 130 | L19: =L20+L26 -> 130
A20: Уличное освещение | B20: 10 | C20: 1 | D20: 01 | E20: 43010 | J20: =J21 -> 80 | K20: =K21 -> 80 | L20: =L21 -> 80
A21: Закупка товаров, работ и услуг для обеспечения государственных (муниципальных) нужд | B21: 10 | C21: 1 | D21: 01 | E21: 43010 | F21: 200 | J21: =J22 -> 80 | K21: =K22 -> 80 | L21: =L22 -> 80
A22: Иные закупки товаров, работ и услуг для обеспечения государственных (муниципальных) нужд | B22: 10 | C22: 1 | D22: 01 | E22: 43010 | F22: 240 | J22: =J23 -> 80 | K22: =K23 -> 80 | L22: =L23 -> 80
A23: Жилищно-коммунальное хозяйство | B23: 10 | C23: 1 | D23: 01 | E23: 43010 | F23: 240 | G23: 05 | J23: =J24 -> 80 | K23: =K24 -> 80 | L23: =L24 -> 80
A24: Благоустройство | B24: 10 | C24: 1 | D24: 01 | E24: 43010 | F24: 240 | G24: 05 | H24: 03 | J24: =J25 -> 80 | K24: =K25 -> 80 | L24: =L25 -> 80
A25: Администрация Салминского сельского поселения Ромодановского муниципального района Республики Мордовия | B25: 10 | C25: 1 | D25: 01 | E25: 43010 | F25: 240 | G25: 05 | H25: 03 | I25: 923 | J25: ='Приложение 3'!J69 -> 80 | K25: ='Приложение 3'!K69 -> 80 | L25: ='Приложение 3'!L69 -> 80
A26: Прочие мероприятия по благоустройству | B26: 10 | C26: 1 | D26: 01 | E26: 43040 | J26: =J27 -> 20 | K26: =K27 -> 50 | L26: =L27 -> 50
A27: Закупка товаров, работ и услуг для обеспечения государственных (муниципальных) нужд | B27: 10 | C27: 1 | D27: 01 | E27: 43040 | F27: 200 | J27: =J28 -> 20 | K27: =K28 -> 50 | L27: =L28 -> 50
A28: Иные закупки товаров, работ и услуг для обеспечения государственных (муниципальных) нужд | B28: 10 | C28: 1 | D28: 01 | E28: 43040 | F28: 240 | J28: =J29 -> 20 | K28: =K29 -> 50 | L28: =L29 -> 50
A29: Жилищно-коммунальное хозяйство | B29: 10 | C29: 1 | D29: 01 | E29: 43040 | F29: 240 | G29: 05 | J29: =J30 -> 20 | K29: =K30 -> 50 | L29: =L30 -> 50
A30: Благоустройство | B30: 10 | C30: 1 | D30: 01 | E30: 43040 | F30: 240 | G30: 05 | H30: 03 | J30: =J31 -> 20 | K30: =K31 -> 50 | L30: =L31 -> 50
A31: Администрация Салминского сельского поселения Ромодановского муниципального района Республики Мордовия | B31: 10 | C31: 1 | D31: 01 | E31: 43040 | F31: 240 | G31: 05 | H31: 03 | I31: 923 | J31: ='Приложение 3'!J72 -> 20 | K31: ='Приложение 3'!K72 -> 50 | L31: ='Приложение 3'!L72 -> 50
A32: Программа повышения эффективности управления государственными финансами в Республике Мордовия | B32: 17 | C32: 0 | J32: =J33 -> 89.8 | K32: =K33 -> 92.8 | L32: =L33 -> 96
A33: Подпрограмма "Повышения эффективности межбюджетных отношений" | B33: 17 | C33: 3 | J33: =J34 -> 89.8 | K33: =K34 -> 92.8 | L33: =L34 -> 96
A34: Основное мероприятие: "Обеспечение осуществления органами местного самоуправления отдельных государственных полномочий" | B34: 17 | C34: 3 | D34: 02 | J34: =J35 -> 89.8 | K34: =K35 -> 92.8 | L34: =L35 -> 96
A35: Осуществление первичного воинского учета на территориях где отсутствуют военные комиссариаты | B35: 17 | C35: 3 | D35: 02 | E35: 51180 | J35: =J41+J36 -> 89.8 | K35: =K41+K36 -> 92.8 | L35: =L41+L36 -> 96
A36: Расходы на выплаты персоналу в целях обеспечения выполнения функций государственными (муниципальными) органами, казенными учреждениями, органами управления государственными внебюджетными фондами | B36: 17 | C36: 3 | D36: 02 | E36: 51180 | F36: 100 | J36: =J37 -> 84.8 | K36: =K37 -> 87.8 | L36: =L37 -> 91
A37: Расходы на выплаты персоналу государственных (муниципальных) органов | B37: 17 | C37: 3 | D37: 02 | E37: 51180 | F37: 120 | J37: =J38 -> 84.8 | K37: =K38 -> 87.8 | L37: =L38 -> 91
A38: Национальная оборона | B38: 17 | C38: 3 | D38: 02 | E38: 51180 | F38: 120 | G38: 02 | J38: =J39 -> 84.8 | K38: =K39 -> 87.8 | L38: =L39 -> 91
A39: Мобилизация и вневойсковая подготовка | B39: 17 | C39: 3 | D39: 02 | E39: 51180 | F39: 120 | G39: 02 | H39: 03 | J39: =J40 -> 84.8 | K39: =K40 -> 87.8 | L39: =L40 -> 91
A40: Администрация Салминского сельского поселения Ромодановского муниципального района Республики Мордовия | B40: 17 | C40: 3 | D40: 02 | E40: 51180 | F40: 120 | G40: 02 | H40: 03 | I40: 923 | J40: ='Приложение 3'!J51 -> 84.8 | K40: ='Приложение 3'!K51 -> 87.8 | L40: ='Приложение 3'!L51 -> 91
A41: Закупка товаров, работ и услуг для обеспечения государственных (муниципальных) нужд | B41: 17 | C41: 3 | D41: 02 | E41: 51180 | F41: 200 | J41: =J42 -> 5 | K41: =K42 -> 5 | L41: =L42 -> 5
A42: Иные закупки товаров, работ и услуг для обеспечения государственных (муниципальных) нужд | B42: 17 | C42: 3 | D42: 02 | E42: 51180 | F42: 240 | J42: =J43 -> 5 | K42: =K43 -> 5 | L42: =L43 -> 5
A43: Национальная оборона | B43: 17 | C43: 3 | D43: 02 | E43: 51180 | F43: 240 | G43: 02 | J43: =J44 -> 5 | K43: =K44 -> 5 | L43: =L44 -> 5
A44: Мобилизация и вневойсковая подготовка | B44: 17 | C44: 3 | D44: 02 | E44: 51180 | F44: 240 | G44: 02 | H44: 03 | J44: =J45 -> 5 | K44: =K45 -> 5 | L44: =L45 -> 5
A45: Администрация Салминского сельского поселения Ромодановского муниципального района Республики Мордовия | B45: 17 | C45: 3 | D45: 02 | E45: 51180 | F45: 240 | G45: 02 | H45: 03 | I45: 923 | J45: ='Приложение 3'!J53 -> 5 | K45: ='Приложение 3'!K53 -> 5 | L45: ='Приложение 3'!L53 -> 5
A46: Обеспечение деятельности аппарата Администрации | B46: 65 | C46: 0 | J46: =J47+J66+P89 -> 1036.3 | K46: =K47+K66+K102 -> 363.8 | L46: =L47+L66 -> 407.5
A47: Высшее должностное лицо | B47: 65 | C47: 1 | J47: =J48+J60 -> 444.4 | K47: =K48 -> 177.3 | L47: =L48 -> 190
A48: Расходы на выплаты по оплате труда высшего должностного лица | B48: 65 | C48: 1 | D48: 00 | E48: 41150 | J48: =J49 -> 274 | K48: =K49 -> 177.3 | L48: =L49 -> 190
A49: Расходы на выплаты персоналу в целях обеспечения выполнения функций государственными (муниципальными) органами, казенными учреждениями, органами управления государственными внебюджетными фондами | B49: 65 | C49: 1 | D49: 00 | E49: 41150 | F49: 100 | J49: =J50 -> 274 | K49: =K50 -> 177.3 | L49: =L50 -> 190
A50: Расходы на выплаты персоналу государственных (муниципальных) органов | B50: 65 | C50: 1 | D50: 00 | E50: 41150 | F50: 120 | J50: =J51 -> 274 | K50: =K51 -> 177.3 | L50: =L51 -> 190
A51: Общегосударственные вопросы | B51: 65 | C51: 1 | D51: 00 | E51: 41150 | F51: 120 | G51: 01 | J51: =J52 -> 274 | K51: =K52 -> 177.3 | L51: =L52 -> 190
A52: Функционирование высшего должностного лица субъекта Российской Федерации и муниципального образования | B52: 65 | C52: 1 | D52: 00 | E52: 41150 | F52: 120 | G52: 01 | H52: 02 | J52: =J53 -> 274 | K52: =K53 -> 177.3 | L52: =L53 -> 190
A53: Администрация Салминского сельского поселения Ромодановского муниципального района Республики Мордовия | B53: 65 | C53: 1 | D53: 00 | E53: 41150 | F53: 120 | G53: 01 | H53: 02 | I53: 923 | J53: ='Приложение 3'!J15 -> 274 | K53: ='Приложение 3'!K15 -> 177.3 | L53: ='Приложение 3'!L15 -> 190
A54: ='Приложение 4'!A82 -> Условно утвержденные расходы | B54: 65 | C54: 1 | D54: 00 | E54: 41990 | K54: =K55 -> 19.8 | L54: =L55 -> 43
A55: ='Приложение 4'!A83 -> Иные бюджетные ассигнования | B55: 65 | C55: 1 | D55: 00 | E55: 41990 | F55: 800 | K55: =K56 -> 19.8 | L55: =L56 -> 43
A56: ='Приложение 4'!A84 -> Резервные средства | B56: 65 | C56: 1 | D56: 00 | E56: 41990 | F56: 870 | K56: =K57 -> 19.8 | L56: =L57 -> 43
A57: ='Приложение 4'!A78 -> Условно утвержденные расходы | B57: 65 | C57: 1 | D57: 00 | E57: 41990 | F57: 870 | G57: 99 | K57: =K58 -> 19.8 | L57: =L58 -> 43
A58: ='Приложение 4'!A79 -> Условно утвержденные расходы | B58: 65 | C58: 1 | D58: 00 | E58: 41990 | F58: 870 | G58: 99 | H58: 99 | K58: =K59 -> 19.8 | L58: =L59 -> 43
A59: Администрация Салминского сельского поселения Ромодановского муниципального района Республики Мордовия | B59: 65 | C59: 1 | D59: 00 | E59: 41990 | F59: 870 | G59: 99 | H59: 99 | I59: 923 | K59: ='Приложение 4'!J84 -> 19.8 | L59: ='Приложение 4'!K84 -> 43
A60: ='Приложение 3'!A25 -> Субсидии на софинансирование расходных обязательств по финансовому обеспечению деятельности органов местного самоуправления и муниципальных учреждений | B60: 65 | C60: 1 | D60: 00 | E60: 44205 | J60: =J61 -> 170.4
A61: =A49 -> Расходы на выплаты персоналу в целях обеспечения выполнения функций государственными (муниципальными) органами, казенными учреждениями, органами управления государственными внебюджетными фондами | B61: 65 | C61: 1 | D61: 00 | E61: 44205 | F61: 100 | J61: =J62 -> 170.4
A62: =A50 -> Расходы на выплаты персоналу государственных (муниципальных) органов | B62: 65 | C62: 1 | D62: 00 | E62: 44205 | F62: 120 | J62: =J63 -> 170.4
A63: =A51 -> Общегосударственные вопросы | B63: 65 | C63: 1 | D63: 00 | E63: 44205 | F63: 120 | G63: 01 | J63: =J64 -> 170.4
A64: =A52 -> Функционирование высшего должностного лица субъекта Российской Федерации и муниципального образования | B64: 65 | C64: 1 | D64: 00 | E64: 44205 | F64: 120 | G64: 01 | H64: 02 | J64: =J65 -> 170.4
A65: =A59 -> Администрация Салминского сельского поселения Ромодановского муниципального района Республики Мордовия | B65: 65 | C65: 1 | D65: 00 | E65: 44205 | F65: 120 | G65: 01 | H65: 02 | I65: 923 | J65: ='Приложение 3'!J18 -> 170.4
A66: Непрограмные расходы в рамках обеспечение деятельности Администрации | B66: 65 | C66: 2 | J66: =J67+J73+J79 -> 591.9 | K66: =K67 -> 186.3 | L66: =L67 -> 217.5
A67: Расходы на выплаты по оплате труда работников органов местного самоуправления | B67: 65 | C67: 2 | D67: 00 | E67: 41110 | J67: =J68 -> 247.7 | K67: =K68 -> 186.3 | L67: =L68 -> 217.5
A68: Расходы на выплаты персоналу в целях обеспечения выполнения функций государственными (муниципальными) органами, казенными учреждениями, органами управления государственными внебюджетными фондами | B68: 65 | C68: 2 | D68: 00 | E68: 41110 | F68: 100 | J68: =J69 -> 247.7 | K68: =K69 -> 186.3 | L68: =L69 -> 217.5
A69: Расходы на выплаты персоналу государственных (муниципальных) органов | B69: 65 | C69: 2 | D69: 00 | E69: 41110 | F69: 120 | J69: =J70 -> 247.7 | K69: =K70 -> 186.3 | L69: =L70 -> 217.5
A70: Общегосударственные вопросы | B70: 65 | C70: 2 | D70: 00 | E70: 41110 | F70: 120 | G70: 01 | J70: =J71 -> 247.7 | K70: =K71 -> 186.3 | L70: =L71 -> 217.5
A71: Функционирование Правительства Российской Федерации, высших исполнительных органов государственной власти субъектов Российской Федерации, местных администраций | B71: 65 | C71: 2 | D71: 00 | E71: 41110 | F71: 120 | G71: 01 | H71: 04 | J71: =J72 -> 247.7 | K71: =K72 -> 186.3 | L71: =L72 -> 217.5
A72: Администрация Салминского сельского поселения Ромодановского муниципального района Республики Мордовия | B72: 65 | C72: 2 | D72: 00 | E72: 41110 | F72: 120 | G72: 01 | H72: 04 | I72: 923 | J72: ='Приложение 3'!J24 -> 247.7 | K72: ='Приложение 3'!K24 -> 186.3 | L72: ='Приложение 3'!L24 -> 217.5
A73: =A60 -> Субсидии на софинансирование расходных обязательств по финансовому обеспечению деятельности органов местного самоуправления и муниципальных учреждений | B73: 65 | C73: 2 | D73: 00 | E73: 44205 | J73: =J74 -> 75
A74: =A68 -> Расходы на выплаты персоналу в целях обеспечения выполнения функций государственными (муниципальными) органами, казенными учреждениями, органами управления государственными внебюджетными фондами | B74: 65 | C74: 2 | D74: 00 | E74: 44205 | F74: 100 | J74: =J75 -> 75
A75: =A69 -> Расходы на выплаты персоналу государственных (муниципальных) органов | B75: 65 | C75: 2 | D75: 00 | E75: 44205 | F75: 120 | J75: =J77 -> 75
A76: =A70 -> Общегосударственные вопросы | B76: 65 | C76: 2 | D76: 00 | E76: 44205 | F76: 120 | G76: 01 | J76: =J77 -> 75
A77: =A71 -> Функционирование Правительства Российской Федерации, высших исполнительных органов государственной власти субъектов Российской Федерации, местных администраций | B77: 65 | C77: 2 | D77: 00 | E77: 44205 | F77: 120 | G77: 01 | H77: 04 | J77: =J78 -> 75
A78: =A72 -> Администрация Салминского сельского поселения Ромодановского муниципального района Республики Мордовия | B78: 65 | C78: 2 | D78: 00 | E78: 44205 | F78: 120 | G78: 01 | H78: 04 | I78: 923 | J78: ='Приложение 3'!J27 -> 75
A79: ='Приложение 3'!A28 -> Расходы на обеспечение функций органов местного самоуправления | B79: 65 | C79: 2 | D79: 00 | E79: 41120 | J79: =J80+J85 -> 269.2
A80: Закупка товаров, работ и услуг для обеспечения государственных (муниципальных) нужд | B80: 65 | C80: 2 | D80: 00 | E80: 41120 | F80: 200 | J80: =J81 -> 244.2 | K80: =K81+K85 -> 95 | L80: =L81+L85 -> 95
A81: Иные закупки товаров, работ и услуг для обеспечения государственных (муниципальных) нужд | B81: 65 | C81: 2 | D81: 00 | E81: 41120 | F81: 240 | J81: =J82 -> 244.2 | K81: =K82 -> 90 | L81: =L82 -> 90
A82: Общегосударственные вопросы | B82: 65 | C82: 2 | D82: 00 | E82: 41120 | F82: 240 | G82: 01 | J82: =J83 -> 244.2 | K82: =K83 -> 90 | L82: =L83 -> 90
A83: Функционирование Правительства Российской Федерации, высших исполнительных органов государственной власти субъектов Российской Федерации, местных администраций | B83: 65 | C83: 2 | D83: 00 | E83: 41120 | F83: 240 | G83: 01 | H83: 04 | J83: =J84 -> 244.2 | K83: =K84 -> 90 | L83: =L84 -> 90
A84: Администрация Салминского сельского поселения Ромодановского муниципального района Республики Мордовия | B84: 65 | C84: 2 | D84: 00 | E84: 41120 | F84: 240 | G84: 01 | H84: 04 | I84: 923 | J84: ='Приложение 3'!J30 -> 244.2 | K84: ='Приложение 3'!K30 -> 90 | L84: ='Приложение 3'!L30 -> 90
A85: Иные бюджетные ассигнования | B85: 65 | C85: 2 | D85: 00 | E85: 41120 | F85: 800 | J85: =J86 -> 25 | K85: =K86 -> 5 | L85: =L86 -> 5
A86: Уплата налогов, сборов и иных платежей | B86: 65 | C86: 2 | D86: 00 | E86: 41120 | F86: 850 | J86: =J87 -> 25 | K86: =K87 -> 5 | L86: =L87 -> 5
A87: Общегосударственные вопросы | B87: 65 | C87: 2 | D87: 00 | E87: 41120 | F87: 850 | G87: 01 | J87: =J88 -> 25 | K87: =K88 -> 5 | L87: =L88 -> 5
A88: Функционирование Правительства Российской Федерации, высших исполнительных органов государственной власти субъектов Российской Федерации, местных администраций | B88: 65 | C88: 2 | D88: 00 | E88: 41120 | F88: 850 | G88: 01 | H88: 04 | J88: =J89 -> 25 | K88: =K89 -> 5 | L88: =L89 -> 5
A89: Администрация Салминского сельского поселения Ромодановского муниципального района Республики Мордовия | B89: 65 | C89: 2 | D89: 00 | E89: 41120 | F89: 850 | G89: 01 | H89: 04 | I89: 923 | J89: ='Приложение 3'!J32 -> 25 | K89: ='Приложение 3'!K32 -> 5 | L89: ='Приложение 3'!L32 -> 5
A90: ='Приложение 3'!A77 -> Доплаты к пенсиям муниципальных служащих Республики Мордовия | B90: 89 | C90: 1 | D90: 00 | E90: 03010 | J90: =J91 -> 69 | K90: =K91 -> 69 | L90: =L91 -> 69
A91: ='Приложение 3'!A78 -> Социальное обеспечение и иные выплаты населению | B91: 89 | C91: 1 | D91: 00 | E91: 03010 | F91: 300 | J91: =J92 -> 69 | K91: =K92 -> 69 | L91: =L92 -> 69
A92: ='Приложение 3'!A79 -> Публичные нормативные социальные выплаты гражданам | B92: 89 | C92: 1 | D92: 00 | E92: 03010 | F92: 310 | J92: =J93 -> 69 | K92: =K93 -> 69 | L92: =L93 -> 69
A93: ='Приложение 3'!A73 -> Социальная политика | B93: 89 | C93: 1 | D93: 00 | E93: 03010 | F93: 310 | G93: 10 | J93: =J94 -> 69 | K93: =K94 -> 69 | L93: =L94 -> 69
A94: ='Приложение 3'!A74 -> Пенсионное обеспечение | B94: 89 | C94: 1 | D94: 00 | E94: 03010 | F94: 310 | G94: 10 | H94: 01 | J94: =J95 -> 69 | K94: =K95 -> 69 | L94: =L95 -> 69
A95: =A89 -> Администрация Салминского сельского поселения Ромодановского муниципального района Республики Мордовия | B95: 89 | C95: 1 | D95: 00 | E95: 03010 | F95: 310 | G95: 10 | H95: 01 | I95: 923 | J95: ='Приложение 3'!J79 -> 69 | K95: ='Приложение 3'!K79 -> 69 | L95: ='Приложение 3'!L79 -> 69
A96: ='Приложение 3'!A41 -> Резервный фонд Администрации Салминского сельского поселени Ромодановского муниципального района Республики Мордовия | B96: 89 | C96: 1 | D96: 00 | E96: 41180 | J96: =J97 -> 5 | K96: =K97 -> 5 | L96: =L97 -> 5
A97: ='Приложение 3'!A42 -> Иные бюджетные ассигнования | B97: 89 | C97: 1 | D97: 00 | E97: 41180 | F97: 800 | J97: =J98 -> 5 | K97: =K98 -> 5 | L97: =L98 -> 5
A98: ='Приложение 3'!A43 -> Резервные средства | B98: 89 | C98: 1 | D98: 00 | E98: 41180 | F98: 870 | J98: =J99 -> 5 | K98: =K99 -> 5 | L98: =L99 -> 5
A99: ='Приложение 3'!A9 -> Общегосударственные вопросы | B99: 89 | C99: 1 | D99: 00 | E99: 41180 | F99: 870 | G99: 01 | J99: =J100 -> 5 | K99: =K100 -> 5 | L99: =L100 -> 5
A100: ='Приложение 3'!A38 -> Резервные фонды | B100: 89 | C100: 1 | D100: 00 | E100: 41180 | F100: 870 | G100: 01 | H100: 11 | J100: =J101 -> 5 | K100: =K101 -> 5 | L100: =L101 -> 5
...

Sheet прил 6
C1: Приложение 6
C2: к решению Совета депутатов Салминского сельского поселения Ромодановского муниципального района Республики Мордовия "О бюджете Салминского сельского поселения Ромодановского муниципального района Республики Мордовия на 2022 год и на плановый период 2023 и 2024 годов"
A3: ИСТОЧНИКИ ВНУТРЕННЕГО ФИНАНСИРОВАНИЯ ДЕФИЦИТА БЮДЖЕТА САЛМИНСКОГО СЕЛЬСКОГО ПОСЕЛЕНИЯ РОМОДАНОВСКОГО МУНИЦИПАЛЬНОГО РАЙОНА РЕСПУБЛИКИ МОРДОВИЯ НА 2022 ГОД И НА ПЛАНОВЫЙ ПЕРИОД 2023 и 2024 ГОДОВ
A7: Код | B7: Наименование кода группы, подгруппы, статьи, вида источника финансирования дефицитов бюджетов, кода классификации операций сектора государственного управления, относящихся к источникам финансирования дефицитов бюджетов Российской Федерации | C7: Сумма (тыс. руб.)
C8: 2022 год | D8: 2023 год | E8: 2024 год
A9: 1 | B9: 2 | C9: 3 | D9: 4 | E9: 5
A10: 000 01 00 00 00 00 0000 000 | B10: ИСТОЧНИКИ ВНУТРЕННЕГО ФИНАНСИРОВАНИЯ ДЕФИЦИТОВ БЮДЖЕТОВ | C10: =C11+C22+C14+C18 -> 0 | D10: =D11+D22+D14+D18 -> -4.2632564e-14 | E10: =E11+E22+E14+E18 -> -8.5265128e-14
A11: 000 01 02 00 00 00 0000 000 | B11: Кредиты кредитных организаций в валюте Российской Федерации | C11: =SUM(C12) -> 0 | D11: =SUM(D12) -> 0 | E11: =SUM(E12) -> 0
A12: 000 01 02 00 00 00 0000 700 | B12: Привлечение кредитов от кредитных организаций в валюте Российской Федерации | C12: =SUM(C13) -> 0 | D12: =SUM(D13) -> 0 | E12: =SUM(E13) -> 0
A13: 000 01 02 00 00 05 0000 710 | B13: Привлечение кредитов от кредитных организаций бюджетами муниципальных районов в валюте Российской Федерации
A14: 000 01 03 00 00 00 0000 000 | B14: Бюджетные кредиты из других бюджетов бюджетной системы Российской Федерации | C14: =C15 -> -45.5 | D14: =D15 -> -68.3 | E14: =E15 -> -91.1
A15: 000 01 03 01 00 00 0000 000 | B15: Бюджетные кредиты из других бюджетов бюджетной системы Российской Федерации в валюте Российской Федерации | C15: =C16 -> -45.5 | D15: =D16 -> -68.3 | E15: =E16 -> -91.1
A16: 000 01 03 01 00 00 0000 800 | B16: Погашение бюджетных кредитов, полученных из других бюджетов бюджетной системы Российской Федерации в валюте Российской Федерации | C16: =SUM(C17) -> -45.5 | D16: =SUM(D17) -> -68.3 | E16: =SUM(E17) -> -91.1
A17: 000 01 03 01 00 10 0000 810 | B17: Погашение бюджетами сельских поселений кредитов из других бюджетов бюджетной системы Российской Федерации в валюте Российской Федерации | C17: -45.5 | D17: -68.3 | E17: -91.1
A18: 000 01 06 00 00 00 0000 000 | B18: Иные источники внутреннего финансирования дефицитов бюджетов | C18: =C19 -> 0 | D18: =D19 -> 0 | E18: =E19 -> 0
A19: 000 01 06 05 00 00 0000 000 | B19: Бюджетные кредиты, предоставленные внутри страны в валюте Российской Федерации | C19: =C20 -> 0 | D19: =D20 -> 0 | E19: =E20 -> 0
A20: 000 01 06 05 02 00 0000 600 | B20: Возврат бюджетных кредитов, предоставленных другим бюджетам бюджетной системы Российской Федерации в валюте Российской Федерации | C20: =C21 -> 0 | D20: =D21 -> 0 | E20: =E21 -> 0
A21: 000 01 06 05 02 05 0000 640 | B21: Возврат бюджетных кредитов, предоставленных другим бюджетам бюджетной системы Российской Федерации из бюджетов муниципальных районов в валюте Российской Федерации
A22: 000 01 05 00 00 00 0000 000 | B22: Изменения остатков средств на счетах по учету средств бюджета | C22: =C25+C26 -> 45.5 | D22: =D25+D26 -> 68.3 | E22: =E25+E26 -> 91.1
A23: 000 01 05 02 00 00 0000 500 | B23: Увеличение прочих остатков средств бюджетов | C23: =SUM(C24) -> -1410.8 | D23: =SUM(D24) -> -885.9 | E23: =SUM(E24) -> -956.2
A24: 000 01 05 02 01 00 0000 510 | B24: Увеличение прочих остатков денежных средств бюджетов | C24: =SUM(C25) -> -1410.8 | D24: =SUM(D25) -> -885.9 | E24: =SUM(E25) -> -956.2
A25: 000 01 05 02 01 10 0000 510 | B25: Увеличение прочих остатков денежных средств бюджетов сельских поселений | C25: =-'Приложение 2'!C11-C30 -> -1410.8 | D25: =-'Приложение 2'!D11-D30 -> -885.9 | E25: =-'Приложение 2'!E11-E30 -> -956.2
A26: 000 01 05 02 00 00 0000 600 | B26: Уменьшение прочих остатков средств бюджетов | C26: =SUM(C27) -> 1456.3 | D26: =SUM(D27) -> 954.2 | E26: =SUM(E27) -> 1047.3
A27: 000 01 05 02 01 00 0000 610 | B27: Уменьшение прочих остатков денежных средств бюджетов | C27: =SUM(C28) -> 1456.3 | D27: =SUM(D28) -> 954.2 | E27: =SUM(E28) -> 1047.3
A28: 000 01 05 02 01 05 0000 610 | B28: Уменьшение прочих остатков денежных средств бюджетов муниципальных районов | C28: =-C17+'Приложение 3'!J7 -> 1456.3 | D28: =-D17+'Приложение 3'!K7 -> 954.2 | E28: =-E17+'Приложение 3'!L7 -> 1047.3
A29: 000 01 00 00 00 00 0000 000 | B29: Итого источников внутреннего финансирования дефицита бюджета Салминского сельского поселения Ромодановского муниципального района Республики Мордовия
B30: собственные доходы | C30: 398.1 | D30: 409.5 | E30: 414.5

Sheet прил7
D2: Приложение 7
D3: к решению Совета депутатов Салминского сельского поселения Ромодановского муниципального района Республики Мордовия "О бюджете Салминского сельского поселения Ромодановского муниципального района Республики Мордовия на 2022 год и на плановый период 2023 и 2024 годов"
A4: ПРОГРАММА МУНИЦИПАЛЬНЫХ ВНУТРЕННИХ ЗАИМСТВОВАНИЙ САЛМИНСКОГО СЕЛЬСКОГО ПОСЕЛЕНИЯ РОМОДАНОВСКОГО МУНИЦИПАЛЬНОГО РАЙОНА РЕСПУБЛИКИ МОРДОВИЯ НА 2022 ГОД И НА ПЛАНОВЫЙ ПЕРИОД 2023 И 2024 ГОДОВ
A8: № п/п | B8: ВИДЫ ЗАИМСТВОВАНИЙ | C8: Сумма (тыс. рублей)
C9: 2022 год | D9: 2023 год | E9: 2024 год
A10: 1 | B10: 2 | C10: 3 | D10: 4 | E10: 5
A11: ВСЕГО
A12: I | B12: Кредиты кредитных организаций в валюте Российской Федерации | C12: =C14 -> 0 | D12: =D14 -> 0 | E12: =E14 -> 0
B13: в том числе
A14: 1 | B14: Объем привлечения
A15: 2 | B15: Объем средств, направляемых на погашение основной суммы долга
A16: 11 | B16: Бюджетные кредиты от других бюджетов бюджетной системы Российской Федерации | C16: =C19 -> -45.5 | D16: =D19 -> -68.3 | E16: =E19 -> -91.1
B17: в том числе
A18: 1 | B18: Объем привлечения
A19: 2 | B19: Объем средств, направляемых на погашение основной суммы долга | C19: ='прил 6'!C17 -> -45.5 | D19: ='прил 6'!D17 -> -68.3 | E19: ='прил 6'!E17 -> -91.1
B20: ВСЕГО | C20: =C14+C19 -> -45.5 | D20: =D14+D19 -> -68.3 | E20: =E14+E19 -> -91.1
